[ AOE2 MATCH · #506447296 ]
UnrankedEthiopians vs Turks
Player's team · WIN
Rival team · LOSS
[ REPLAY ANALYSIS · EXTRACTED FROM THE RECORDED GAME ]
Feudal
9:16
Castle
18:36
Imperial
39:15
| APM avg | 72.3 |
| APM peak | 132 |
| eAPM avg | 33.7 |
| Villagers / military | 146 / 87 |
Focus
⚔️ 55.1% · 🌾 44.9%
Archer ×66 · Scout Cavalry ×12 · Knight ×4 · Camel Scout ×3 · Monk ×1 · Trebuchet (Packed) ×1
Feudal
12:38
Castle
24:28
Imperial
—
| APM avg | 53.2 |
| APM peak | 100 |
| eAPM avg | 32.1 |
| Villagers / military | 175 / 25 |
Focus
⚔️ 24.9% · 🌾 75.1%
Scout Cavalry ×7 · Militia ×6 · Scorpion ×6 · Spearman ×3 · Mangonel ×2 · Monk ×1
Match map
Initial resources + every placement click. Lines = walls · curves = elevation contours. ◆ gold · ⬟ stone · ● berries · ✦ relic · ◌ wall gap
Your base· Open — 7t gap
[CL]LaCumbiaSuave's base· ✓ Closed at 24:28 · 30t walls · no gate
Smoothed initial terrain · ◌ = detected wall gap · hover for details
Inputs per minute
— Chagas - - [CL]LaCumbiaSuave
Build order — Chagas
First 150 of 381 actions detected
| 0:01 | Queue | Villager (Male) |
| 0:01 | Queue | Villager (Male) |
| 0:02 | Build | House |
| 0:02 | Queue | Villager (Male) |
| 0:02 | Queue | Villager (Male) |
| 0:04 | Build | House |
| 1:25 | Queue | Villager (Male) |
| 1:56 | Build | Lumber Camp |
| 2:00 | Queue | Villager (Male) |
| 2:14 | Queue | Villager (Male) |
| 2:45 | Queue | Villager (Male) |
| 2:46 | Queue | Villager (Male) |
| 3:04 | Queue | Villager (Male) |
| 3:34 | Queue | Villager (Male) |
| 3:35 | Build | House |
| 4:05 | Queue | Villager (Male) |
| 4:22 | Build | Mill |
| 4:34 | Queue | Villager (Male) |
| 4:53 | Queue | Villager (Male) |
| 5:16 | Queue | Villager (Male) |
| 5:31 | Queue | Villager (Male) |
| 5:38 | Build | House |
| 6:08 | Queue | Villager (Male) |
| 6:33 | Research | Loom |
| 7:03 | Research | Feudal Age |
| 7:29 | Build | Lumber Camp |
| 8:01 | Queue | Villager (Male) |
| 8:22 | Queue | Villager (Male) |
| 8:29 | Build | Barracks |
| 8:31 | Queue | Villager (Male) |
| 8:49 | Queue | Villager (Male) |
| 9:16 | Age | Feudal Age |
| 9:17 | Queue | Villager (Male) |
| 9:35 | Build | Stable |
| 9:38 | Queue | Villager (Male) |
| 9:38 | Queue | Villager (Male) |
| 9:42 | Build | Palisade Wall |
| 9:43 | Build | Palisade Wall |
| 9:44 | Queue | Villager (Male) |
| 10:04 | Build | Mill |
| 10:22 | Build | Palisade Wall |
| 10:27 | Build | Palisade Wall |
| 10:27 | Build | Palisade Wall |
| 10:29 | Build | Palisade Wall |
| 10:30 | Queue | Scout Cavalry |
| 10:30 | Queue | Scout Cavalry |
| 10:34 | Build | Palisade Wall |
| 10:36 | Build | Palisade Wall |
| 10:36 | Queue | Villager (Male) |
| 10:38 | Build | House |
| 10:39 | Queue | Villager (Male) |
| 10:43 | Queue | Villager (Male) |
| 10:44 | Build | Farm |
| 10:47 | Build | Farm |
| 10:58 | Queue | Villager (Male) |
| 11:05 | Build | House |
| 11:09 | Build | Farm |
| 11:22 | Queue | Villager (Male) |
| 11:30 | Build | Farm |
| 11:45 | Queue | Villager (Male) |
| 11:49 | Build | Farm |
| 11:54 | Queue | Villager (Male) |
| 11:59 | Queue | Villager (Male) |
| 12:16 | Queue | Villager (Male) |
| 12:16 | Queue | Villager (Male) |
| 12:28 | Queue | Villager (Male) |
| 12:47 | Queue | Villager (Male) |
| 12:51 | Build | Farm |
| 12:57 | Queue | Villager (Male) |
| 12:58 | Build | Farm |
| 13:00 | Build | Farm |
| 13:14 | Queue | Villager (Male) |
| 13:17 | Build | Mining Camp |
| 13:39 | Queue | Villager (Male) |
| 13:51 | Build | Archery Range |
| 14:19 | Build | House |
| 14:31 | Queue | Archer |
| 14:32 | Queue | Archer |
| 14:35 | Queue | Villager (Male) |
| 14:39 | Queue | Villager (Male) |
| 15:07 | Queue | Villager (Male) |
| 15:43 | Build | Mining Camp |
| 15:56 | Research | Castle Age |
| 15:56 | Research | Castle Age |
| 15:57 | Queue | Archer |
| 16:03 | Build | Palisade Wall |
| 16:21 | Queue | Villager (Male) |
| 16:33 | Build | Blacksmith |
| 16:34 | Queue | Villager (Male) |
| 16:35 | Queue | Archer |
| 16:35 | Queue | Archer |
| 16:50 | Build | Palisade Wall |
| 16:52 | Queue | Archer |
| 17:16 | Build | House |
| 17:20 | Build | House |
| 17:23 | Build | House |
| 17:24 | Queue | Archer |
| 17:30 | Research | Fletching |
| 17:30 | Research | Fletching |
| 17:46 | Queue | Archer |
| 17:57 | Queue | Villager (Male) |
| 18:04 | Queue | Archer |
| 18:15 | Queue | Archer |
| 18:29 | Queue | Archer |
| 18:36 | Age | Castle Age |
| 18:40 | Research | Crossbowman (upgrade) |
| 18:40 | Research | Bodkin Arrow |
| 18:41 | Research | Bodkin Arrow |
| 18:53 | Queue | Archer |
| 18:53 | Queue | Archer |
| 18:55 | Build | Archery Range |
| 18:59 | Queue | Camel Scout |
| 19:02 | Queue | Villager (Male) |
| 19:02 | Queue | Villager (Male) |
| 19:19 | Queue | Villager (Male) |
| 19:32 | Queue | Camel Scout |
| 19:38 | Queue | Villager (Male) |
| 19:39 | Queue | Archer |
| 19:39 | Queue | Archer |
| 19:47 | Build | House |
| 20:11 | Queue | Villager (Male) |
| 20:11 | Queue | Archer |
| 20:11 | Queue | Archer |
| 20:12 | Queue | Archer |
| 20:18 | Build | House |
| 20:29 | Queue | Villager (Male) |
| 20:40 | Queue | Archer |
| 20:53 | Queue | Villager (Male) |
| 20:57 | Queue | Archer |
| 21:08 | Build | Town Center |
| 21:10 | Queue | Archer |
| 21:10 | Queue | Archer |
| 21:22 | Queue | Villager (Male) |
| 21:44 | Queue | Archer |
| 21:48 | Queue | Archer |
| 21:48 | Queue | Archer |
| 21:50 | Queue | Archer |
| 21:50 | Queue | Archer |
| 21:52 | Queue | Camel Scout |
| 21:57 | Build | Palisade Wall |
| 22:01 | Build | House |
| 22:03 | Build | House |
| 22:36 | Queue | Villager (Male) |
| 22:37 | Queue | Archer |
| 22:37 | Queue | Archer |
| 22:39 | Build | Farm |
| 22:40 | Build | Farm |
| 22:40 | Build | Farm |
| 22:55 | Queue | Archer |
| 23:08 | Queue | Archer |
Build order — [CL]LaCumbiaSuave
First 150 of 353 actions detected
| 0:01 | Queue | Villager (Male) |
| 0:01 | Queue | Villager (Male) |
| 0:01 | Queue | Villager (Male) |
| 0:02 | Build | House |
| 0:04 | Build | House |
| 0:07 | Queue | Villager (Male) |
| 0:07 | Queue | Villager (Male) |
| 1:28 | Queue | Villager (Male) |
| 1:55 | Build | Lumber Camp |
| 2:00 | Queue | Villager (Male) |
| 2:01 | Queue | Villager (Male) |
| 2:20 | Queue | Villager (Male) |
| 3:04 | Research | Loom |
| 3:21 | Queue | Villager (Male) |
| 3:50 | Queue | Villager (Male) |
| 3:50 | Queue | Villager (Male) |
| 3:58 | Build | House |
| 4:06 | Queue | Villager (Male) |
| 4:33 | Build | Barracks |
| 4:35 | Queue | Villager (Male) |
| 4:35 | Queue | Villager (Male) |
| 5:04 | Queue | Villager (Male) |
| 5:08 | Build | House |
| 5:33 | Queue | Villager (Male) |
| 5:33 | Queue | Villager (Male) |
| 5:39 | Build | House |
| 5:56 | Queue | Militia |
| 5:58 | Queue | Villager (Male) |
| 5:58 | Queue | Villager (Male) |
| 6:20 | Queue | Villager (Male) |
| 6:29 | Build | Mill |
| 6:32 | Queue | Militia |
| 6:34 | Build | House |
| 6:49 | Queue | Villager (Male) |
| 7:09 | Build | Palisade Wall |
| 7:15 | Queue | Villager (Male) |
| 7:16 | Queue | Villager (Male) |
| 7:36 | Build | Mill |
| 7:49 | Queue | Militia |
| 7:49 | Queue | Militia |
| 8:03 | Queue | Villager (Male) |
| 8:12 | Queue | Militia |
| 8:28 | Queue | Villager (Male) |
| 8:36 | Build | Farm |
| 8:45 | Queue | Villager (Male) |
| 9:24 | Queue | Villager (Male) |
| 9:25 | Build | Farm |
| 9:38 | Queue | Villager (Male) |
| 10:05 | Build | Lumber Camp |
| 10:28 | Research | Feudal Age |
| 10:28 | Research | Feudal Age |
| 10:49 | Build | Farm |
| 11:02 | Build | Farm |
| 11:06 | Build | House |
| 11:24 | Build | Farm |
| 11:49 | Queue | Villager (Male) |
| 12:11 | Queue | Villager (Male) |
| 12:26 | Build | Palisade Wall |
| 12:27 | Build | Palisade Wall |
| 12:38 | Age | Feudal Age |
| 12:40 | Queue | Spearman |
| 12:41 | Queue | Villager (Male) |
| 12:53 | Queue | Villager (Male) |
| 12:54 | Build | Palisade Wall |
| 13:02 | Queue | Villager (Male) |
| 13:02 | Queue | Villager (Male) |
| 13:09 | Build | Palisade Wall |
| 13:12 | Queue | Villager (Male) |
| 13:14 | Build | Stable |
| 13:18 | Research | Man-at-Arms (upgrade) |
| 13:19 | Research | Man-at-Arms (upgrade) |
| 13:20 | Queue | Villager (Male) |
| 13:25 | Queue | Villager (Male) |
| 13:33 | Build | House |
| 13:37 | Research | Double-Bit Axe |
| 13:45 | Build | Blacksmith |
| 13:53 | Build | Palisade Wall |
| 13:56 | Build | Farm |
| 14:03 | Queue | Scout Cavalry |
| 14:07 | Research | Horse Collar |
| 14:07 | Research | Horse Collar |
| 14:15 | Build | Palisade Wall |
| 14:24 | Queue | Villager (Male) |
| 14:26 | Build | Farm |
| 14:29 | Queue | Villager (Male) |
| 14:33 | Build | Palisade Wall |
| 14:37 | Queue | Spearman |
| 14:37 | Queue | Spearman |
| 14:43 | Queue | Scout Cavalry |
| 14:44 | Queue | Scout Cavalry |
| 14:44 | Queue | Scout Cavalry |
| 14:53 | Build | House |
| 14:59 | Build | Farm |
| 15:01 | Queue | Villager (Male) |
| 15:12 | Build | House |
| 15:19 | Build | House |
| 15:21 | Build | Palisade Wall |
| 15:31 | Queue | Scout Cavalry |
| 15:33 | Build | Farm |
| 15:36 | Build | Farm |
| 15:39 | Build | House |
| 15:49 | Research | Arson |
| 15:52 | Build | Farm |
| 15:55 | Queue | Villager (Male) |
| 16:13 | Queue | Scout Cavalry |
| 16:16 | Build | Farm |
| 16:18 | Queue | Villager (Male) |
| 16:20 | Build | House |
| 16:21 | Build | House |
| 16:25 | Queue | Villager (Male) |
| 16:29 | Build | House |
| 16:39 | Queue | Militia |
| 17:00 | Queue | Villager (Male) |
| 17:00 | Queue | Villager (Male) |
| 17:12 | Queue | Villager (Male) |
| 17:13 | Build | Farm |
| 17:14 | Build | Farm |
| 17:15 | Build | Farm |
| 17:15 | Build | Farm |
| 17:16 | Build | Farm |
| 17:16 | Build | Farm |
| 17:16 | Build | Farm |
| 17:26 | Queue | Villager (Male) |
| 17:29 | Build | Farm |
| 17:30 | Build | House |
| 17:49 | Research | Scale Barding Armor |
| 17:55 | Build | Farm |
| 17:55 | Queue | Villager (Male) |
| 17:57 | Build | House |
| 18:17 | Queue | Villager (Male) |
| 18:17 | Queue | Villager (Male) |
| 18:32 | Queue | Scout Cavalry |
| 18:36 | Build | Farm |
| 18:38 | Build | Farm |
| 18:39 | Build | Farm |
| 18:45 | Build | Farm |
| 18:46 | Queue | Villager (Male) |
| 18:48 | Build | House |
| 19:12 | Build | Mining Camp |
| 19:21 | Queue | Villager (Male) |
| 19:25 | Build | Palisade Wall |
| 19:28 | Build | House |
| 19:30 | Build | Palisade Wall |
| 19:32 | Build | House |
| 19:35 | Build | House |
| 19:38 | Build | House |
| 19:40 | Build | House |
| 19:42 | Build | House |
| 19:44 | Build | House |
| 19:48 | Build | Palisade Wall |
Match timeline
| 4:33 | [CL]LaCumbiaSuave · first_building Barracks |
| 7:09 | [CL]LaCumbiaSuave · wall_segment Palisade Wall x1 |
| 8:29 | Chagas · first_building Barracks |
| 9:16 | Chagas · age_up feudal |
| 9:35 | Chagas · first_building Stable |
| 9:42 | Chagas · wall_segment Palisade Wall x1 |
| 9:43 | Chagas · wall_segment Palisade Wall x1 |
| 10:22 | Chagas · wall_segment Palisade Wall x1 |
| 10:27 | Chagas · wall_segment Palisade Wall x1 |
| 10:27 | Chagas · wall_segment Palisade Wall x1 |
| 10:29 | Chagas · wall_segment Palisade Wall x1 |
| 10:34 | Chagas · wall_segment Palisade Wall x1 |
| 10:36 | Chagas · wall_segment Palisade Wall x1 |
| 12:26 | [CL]LaCumbiaSuave · wall_segment Palisade Wall x1 |
| 12:27 | [CL]LaCumbiaSuave · wall_segment Palisade Wall x1 |
| 12:38 | [CL]LaCumbiaSuave · age_up feudal |
| 12:54 | [CL]LaCumbiaSuave · wall_segment Palisade Wall x1 |
| 13:09 | [CL]LaCumbiaSuave · wall_segment Palisade Wall x1 |
| 13:14 | [CL]LaCumbiaSuave · first_building Stable |
| 13:51 | Chagas · first_building Archery Range |
| 13:53 | [CL]LaCumbiaSuave · wall_segment Palisade Wall x1 |
| 14:15 | [CL]LaCumbiaSuave · wall_segment Palisade Wall x5 |
| 14:33 | [CL]LaCumbiaSuave · wall_segment Palisade Wall x8 |
| 15:21 | [CL]LaCumbiaSuave · wall_segment Palisade Wall x1 |
| 16:03 | Chagas · wall_segment Palisade Wall x1 |
| 16:50 | Chagas · wall_segment Palisade Wall x1 |
| 18:36 | Chagas · age_up castle |
| 19:25 | [CL]LaCumbiaSuave · wall_segment Palisade Wall x1 |
| 19:30 | [CL]LaCumbiaSuave · wall_segment Palisade Wall x1 |
| 19:48 | [CL]LaCumbiaSuave · wall_segment Palisade Wall x6 |
| 21:09 | [CL]LaCumbiaSuave · wall_segment Palisade Wall x1 |
| 21:57 | Chagas · wall_segment Palisade Wall x4 |
| 23:25 | [CL]LaCumbiaSuave · wall_segment Palisade Wall x1 |
| 24:28 | [CL]LaCumbiaSuave · age_up castle |
| 25:01 | [CL]LaCumbiaSuave · first_building Siege Workshop |
| 33:21 | Chagas · first_building Monastery |
| 37:37 | Chagas · first_building Castle |
| 37:41 | [CL]LaCumbiaSuave · first_building Monastery |
| 39:15 | Chagas · age_up imperial |
| 39:16 | [CL]LaCumbiaSuave · first_building Castle |
| 39:42 | [CL]LaCumbiaSuave · resign |
[ AI ANALYSIS · 1 CREDIT ]
What really happened in this match?
Wolo.gg analyzes every decision: build order, eco, micro, common mistakes by bracket. Personalized analysis on WhatsApp or Discord in 30 seconds.
Civ guide
Ethiopians
Perfil
Jugador #25079803